AoeStats
← gg_noteam

Hideout

509735118Analyzed
1v1 RM · 5d ago on Sep 27, 2026· 22m 14s· 2 players
Game mode
Random Map
Map size
Tiny (2 player)
Population
200
Speed
Normal
Resources
Standard
Victory
Conquest
Starting age
Dark Age
Ending age
Imperial Age
RankedLock teamsTeams togetherTeam positionsShared explorationLock speedFull tech treeHidden civsTurbo modeCheats
Victory
Defeat
🇺🇸 Teutons · United States
1260
+15
🇵🇪 Danes · Peru
1244
-15
gg_noteam
8:10 Loom
9:55 Feudal Age
12:37 Town Watch
17:55 Man-at-Arms
18:37 Double-Bit Axe
18:54 Arson
24:37 Castle Age
chowdhuryphotos
7:47 Loom
9:57 Feudal Age
10:52 Double-Bit Axe
10:44 Man-at-Arms
12:18 Horse Collar
16:57 Stone Mining
20:21 Castle Age
19:05 Scale Mail Armor
21:50 Fletching
22:16 Chain Mail Armor
Connection lost

Rejoining the realm…

Still unreachable

The connection could not be restored.

Session expired

The server has moved on; the page needs a fresh start.